 Dungeon Crawl Stone Soup version 0.20.1-1-g8b1a95d (webtiles) character file.

5235 wojtek the Slicer (level 10, -2/61 HPs)
             Began as a Kobold Assassin on Dec 10, 2017.
             Was a Believer of Kikubaaqudgha.
             Slain by a two-headed ogre
             ... wielding a +0 giant club
              (32 damage)
             ... on level 7 of the Dungeon.
             The game lasted 00:27:54 (12853 turns).

wojtek the Slicer (Kobold Assassin)                Turns: 12853, Time: 00:27:56

Health: -2/61      AC: 11    Str:  9    XL:     10   Next: 92%
Magic:  19/19      EV: 19    Int: 15    God:    Kikubaaqudgha [**....]
Gold:   396        SH:  0    Dex: 17    Spells: 19/21 levels left

rFire    . . .     SeeInvis .   a - +0 dagger (venom)
rCold    + + .     Gourm    .   (shield restricted)
rNeg     . . .     Faith    +   y - +2 robe {rC+}
rPois    .         Spirit   .   E - +0 helmet
rElec    .         Reflect  .   I - +1 cloak {+Inv}
rCorr    .         Harm     .   (no gloves)
MR       +....                  w - +2 pair of boots
Stlth    +++.......             m - amulet of faith
Regen    0.2/turn               l - ring of protection from cold
MPRegen  0.2/turn               H - ring of protection from magic

@: no status effects
A: carnivore 3
a: Receive Corpses, Renounce Religion, Evoke Invisibility


You were on level 7 of the Dungeon.
You worshipped Kikubaaqudgha.
Kikubaaqudgha was pleased with you.
You were completely stuffed.

You visited 2 branches of the dungeon, and saw 9 of its levels.

You collected 396 gold pieces.

Inventory:

Hand Weapons
 a - a +0 dagger of venom (weapon)
 b - a +0 blowgun
 o - a +2 dagger
Missiles
 e - 41 poisoned needles
 f - 2 curare-tipped needles
 J - a throwing net (quivered)
 K - 4 needles of sleeping
Armour
 c - a +0 robe of fire resistance
 d - a +2 leather armour of cold resistance
 w - a +2 pair of boots (worn)
 y - a +2 robe of cold resistance (worn)
 E - a +0 helmet (worn)
 I - a +1 cloak of invisibility (worn)
Jewellery
 i - a +5 ring of dexterity {unknown}
 l - a ring of protection from cold (left hand)
 m - an amulet of faith (around neck)
 H - a ring of protection from magic (right hand)
Scrolls
 h - 4 scrolls of identify
 k - 3 scrolls of teleportation
 n - 4 scrolls of remove curse
 r - 3 scrolls of recharging {unknown}
 z - a scroll of random uselessness {unknown}
 F - a scroll of blinking {unknown}
 M - a scroll of fog {unknown}
Potions
 j - 2 potions of lignification
 p - a potion of might
 q - a potion of agility
 s - 6 potions of mutation {unknown}
 t - a potion of haste
 v - 2 potions of flight {unknown}
 A - 2 potions of curing
 C - a potion of ambrosia
 G - a potion of heal wounds
Books
 x - a book of Conjurations

   Spells                             Type                      Level
   a - Magic Dart                     Conjuration                  1
   b - Searing Ray                    Conjuration                  2
   c - Dazzling Spray                 Conjuration/Hexes            3
   d - Fulminant Prism                Conjuration/Hexes            4
   e - Force Lance                    Conjuration/Translocation    4
   f - Iskenderun's Mystic Blast      Conjuration                  4
 B - Kikubaaqudgha's Tome of Stolen Souls
   (Kikubaaqudgha gifted it to you on level 7 of the Dungeon)

   Spells                             Type                      Level
   a - Pain                           Necromancy                   1
   b - Corpse Rot                     Necromancy                   2
   c - Sublimation of Blood           Necromancy                   2
   d - Vampiric Draining              Necromancy                   3
   e - Control Undead                 Necromancy                   4
 D - a book of Changes

   Spells                             Type                      Level
   a - Beastly Appendage              Transmutation                1
   b - Sticks to Snakes               Transmutation                2
   c - Spider Form                    Transmutation/Poison         3
   d - Ice Form                       Ice/Transmutation            4
   e - Blade Hands                    Transmutation                5
Comestibles
 g - 6 meat rations
 u - 5 royal jellies
 L - 3 chunks of flesh


   Skills:
 - Level 6.5 Fighting
 - Level 9.7 Short Blades
 - Level 2.1 Throwing
 + Level 4.4 Armour
 - Level 6.9 Dodging
 - Level 5.3 Stealth
 + Level 6.2 Spellcasting
 * Level 7.0 Necromancy


You had 19 spell levels left.
You knew the following spells:

 Your Spells              Type           Power        Failure   Level  Hunger
r - Corpse Rot            Necr           N/A          1%          2    #......


Dungeon Overview and Level Annotations

Branches:
Dungeon (8/15)             Temple (1/1) D:7
   Lair: D:8-11

Altars:
Ashenzari
Cheibriados
Dithmenos
Elyvilon
Fedhas
Gozag
Hepliaklqana
Kikubaaqudgha
Makhleb
Nemelex Xobeh
Okawaru
Qazlal
Sif Muna
Trog
Uskayaw
Vehumet
Xom
Yredelemnul
Zin
The Shining One

Annotations:
D:6 exclusion: downstairs


Innate Abilities, Weirdness & Mutations

You are small and have problems with some larger weapons.
You are carnivorous and can eat meat at any time.


Message History

You hit the two-headed ogre but do no damage.
The two-headed ogre looks as sick as possible!
The two-headed ogre is moderately wounded.
You hit the two-headed ogre but do no damage.
The two-headed ogre is severely wounded.
The two-headed ogre hits you with a giant club.
The two-headed ogre completely misses you.
You hit the two-headed ogre.
The two-headed ogre looks as sick as possible!
The two-headed ogre is almost dead.
You hit the two-headed ogre.
The two-headed ogre is almost dead.
You hit the two-headed ogre but do no damage.
The two-headed ogre looks as sick as possible!
The two-headed ogre is almost dead.
The two-headed ogre barely misses you.
The two-headed ogre hits you with a giant spiked club!!
Ouch! That really hurt!
You die...
Kikubaaqudgha rasps: "You have failed me!
Welcome... death!"

.#######.#.#.##....####...)#...##
.# #.#.#.##...(# #....####.# '##
#.###.##....# #.##....... ..#
#.o...##....####.######... ..#
########.....)...# #.## ..#
#####.##### #.# ..# ###.....# #.#
..# #.......# #######.## ###
#...@...# #......... #
#..O#'#.####.######.# #
#...#.....##.######.# #
#...###.#.##.#......# #####
#.....#...##.#....### ....#
##.##.#...##'#..#.# # ###.#
#..##.##.#.......>### #.#
#...#....'........... #.#
###......#.#.......####


You could see a two-headed ogre.

Vanquished Creatures
  2 two-headed ogres (D:8)
  Pikel (D:6)
  A hungry ghost (D:7)
  3 orc warriors
  6 ogres
  A phantom (D:7)
  An ice beast (D:7)
  A sky beast (D:7)
  The ghost of othur the Caller, an amateur HOSu (D:3)
  6 centaurs
  A big kobold (D:8)
  A wyvern zombie (D:7)
  3 bullfrogs
  A water moccasin zombie (D:7)
  A scorpion (D:8)
  4 killer bees (D:8)
  5 howler monkeys
  2 crimson imps
  A bullfrog zombie (D:8)
  2 hounds
  A gnoll shaman (D:6)
  3 orc priests
  Crazy Yiuf (D:2)
  3 bullfrog skeletons
  A jelly (D:7)
  5 orc wizards
  A centaur skeleton (D:6)
  6 worker ants
  A hound skeleton (D:5)
  A worker ant zombie (D:5)
  4 gnolls (D:6)
  7 adders
  2 oozes
  2 adder skeletons
  3 worms (D:2)
  A dart slug (D:2)
  9 leopard geckos
  21 orcs
  4 giant cockroaches
  4 goblins
  10 hobgoblins
  6 jackals
  3 quokkas
  5 ball pythons
  11 bats
  4 frilled lizards
  11 kobolds
  3 leopard gecko skeletons
  13 rats
190 creatures vanquished.

Vanquished Creatures (others)
  3 slaves (D:6)
  An ice beast (D:6)
  3 wights (D:6)
  An orc priest (D:6)
  A worker ant zombie (D:6)
  An adder (D:6)
  An adder zombie (D:6)
  An orc (D:6)
  A giant cockroach (D:6)
  A ball python skeleton (D:6)
  A quokka skeleton (D:6)
15 creatures vanquished.

Grand Total: 205 creatures vanquished

Notes
Turn   | Place    | Note
-------+----------+-------------------------------------------
     0 | D:1      | wojtek the Kobold Assassin began the quest for the Orb.
     0 | D:1      | Reached XP level 1. HP: 12/12 MP: 1/1
    16 | D:1      | Reached skill level 3 in Short Blades
   120 | D:1      | Reached XP level 2. HP: 17/17 MP: 2/2
   217 | D:1      | Reached skill level 4 in Short Blades
   580 | D:1      | Reached XP level 3. HP: 11/21 MP: 3/3
  1390 | D:2      | Reached skill level 5 in Short Blades
  1713 | D:2      | Reached XP level 4. HP: 12/26 MP: 4/4
  2459 | D:2      | Found a runed door.
  2666 | D:3      | Reached skill level 6 in Short Blades
  2683 | D:3      | Noticed othur's ghost (amateur HOSu)
  2704 | D:3      | Found a sparkling altar of Nemelex Xobeh.
  3453 | D:4      | Reached XP level 5. HP: 23/30 MP: 5/5
  3712 | D:4      | You fall through a shaft!
  3712 | D:5      | Entered Level 5 of the Dungeon
  3985 | D:5      | Noticed a bullfrog
  4015 | D:5      | Noticed a centaur
  4581 | D:5      | Reached XP level 6. HP: 34/37 MP: 6/6
  4622 | D:5      | Noticed a phantom
  5259 | D:5      | Noticed an ogre
  5431 | D:4      | Killed an ogre
  5431 | D:4      | Reached XP level 7. HP: 29/44 MP: 7/7
  5574 | D:5      | Found a shattered altar of Ashenzari.
  5579 | D:5      | Found a stormy altar of Qazlal.
  5760 | D:5      | Reached skill level 5 in Fighting
  5760 | D:5      | Reached skill level 5 in Dodging
  6032 | D:6      | Reached skill level 1 in Spellcasting
  6033 | D:6      | Reached XP level 8. HP: 49/49 MP: 7/9
  6075 | D:6      | Reached skill level 7 in Short Blades
  6126 | D:6      | Found a glowing silver altar of Zin.
  6166 | D:6      | Noticed Pikel
  6212 | D:6      | Killed Pikel
  6212 | D:6      | Reached skill level 8 in Short Blades
  6478 | D:6      | Reached XP level 9. HP: 25/55 MP: 6/13
  6693 | D:6      | Reached skill level 9 in Short Blades
  7234 | D:3      | Killed othur's ghost
  7488 | D:2      | Noticed Crazy Yiuf
  7492 | D:2      | Killed Crazy Yiuf
  7556 | D:3      | Reached skill level 1 in Armour
  7656 | D:3      | Found a hazy altar of Hepliaklqana.
  8352 | D:7      | Found a staircase to the Ecumenical Temple.
  8468 | Temple   | Entered the Ecumenical Temple
  8903 | Temple   | Became a worshipper of Kikubaaqudgha
  9146 | D:7      | Found a radiant altar of Vehumet.
  9191 | D:7      | Reached skill level 1 in Necromancy
  9784 | D:7      | Found a hide-covered altar of Uskayaw.
 10014 | D:7      | Found a shadowy altar of Dithmenos.
 10037 | D:7      | Reached * piety under Kikubaaqudgha
 10037 | D:7      | Identified Kikubaaqudgha's Tome of Stolen Souls (Kikubaaqudgha gifted it to you on level 7 of the Dungeon)
 10037 | D:7      | Received a gift from Kikubaaqudgha
 10107 | D:7      | Learned a level 2 spell: Corpse Rot
 10217 | D:8      | Reached XP level 10. HP: 61/61 MP: 16/16
 10285 | D:8      | Noticed a two-headed ogre
 10299 | D:7      | Reached skill level 5 in Spellcasting
 10447 | D:8      | HP: 1/61 [two-headed ogre/giant club (19)]
 11241 | D:8      | Noticed a two-headed ogre
 11345 | D:8      | Found an iron altar of Okawaru.
 11456 | D:8      | Killed a two-headed ogre
 11456 | D:8      | Reached skill level 5 in Necromancy
 11516 | D:8      | Noticed a two-headed ogre
 11552 | D:8      | HP: 3/61 [centaur/arrow (4)]
 11566 | D:8      | Killed a two-headed ogre
 11947 | D:8      | Reached ** piety under Kikubaaqudgha
 12853 | D:7      | Slain by a two-headed ogre

Skill      XL: |  1  2  3  4  5  6  7  8  9 10 |
---------------+-------------------------------+-----
Short Blades   | 3 4 5 6 8 9 |  9.7
Dodging        | 2 4 5 6 |  6.9
Fighting       | 3 4 5 6 |  6.5
Spellcasting   | 1 2 4 6 |  6.2
Armour         | 2 4 |  4.4
Necromancy     | 3 7 |  7.0
Throwing       | |  2.1
Stealth        | |  5.3

Action                   |  1- 3 |  4- 6 |  7- 9 | 10-12 || total
-------------------------+-------+-------+-------+-------++-------
Melee: Dagger            |   126 |   278 |   446 |   400 ||  1250
 Fire: Blowgun           |       |     5 |    12 |    13 ||    30
  Use: Scroll            |       |       |     2 |     6 ||     8
 Stab: Sleeping          |     7 |     6 |    16 |     4 ||    33
       Distracted        |     1 |       |       |     1 ||     2
  Eat: Chunk             |    11 |    11 |    22 |     8 ||    52
Armor: Robe              |    25 |    54 |    69 |    54 ||   202
Dodge: Dodged            |    65 |   165 |   327 |   218 ||   775
